 Dungeon Crawl Stone Soup version 0.28.0-45-g0d030f2227 (webtiles) character file.

Game seed: 10780464789700659140

2746 mortz the Destroyer (level 9, 0/66 (68) HPs)
             Began as a Red Draconian Conjurer on Apr 19, 2022.
             Was an Initiate of Gozag.
             Slain by Joseph
             ... wielding a +5 quarterstaff of draining
              (4 damage)
             ... on level 8 of the Dungeon on Apr 20, 2022.
             The game lasted 00:39:25 (8343 turns).

mortz the Destroyer (Red Draconian Conjurer)        Turns: 8343, Time: 00:39:25

HP:   0/66 (68)     AC: 13    Str:  9    XL:     9   Next: 41%
MP:   4/17          EV: 12    Int: 22    God:    Gozag
Gold: 670           SH:  0    Dex: 11    Spells: 7/19 levels left

rFire   + + .      SeeInvis .   w - +6 shillelagh "Devastator" {shatter}
rCold   + . .      Faith    .   (no shield)
rNeg    . . .      Spirit   .   (armour unavailable)
rPois   .          Reflect  .   (helmet restricted)
rElec   .          Harm     .   Q - scarf {rC+ rF+}
rCorr   .          Rampage  .   H - +0 pair of gloves
Will    .....                   j - +0 pair of boots
Stlth   ++........              (no amulet)
HPRegen 0.21/turn               n - +4 ring of protection
MPRegen 0.15/turn               M - ring of wizardry

@: lightly drained
A: breathe fire, AC +7, unfitting armour, fire resistance 1, cold-blooded
a: Breathe Fire, Renounce Religion, Potion Petition, Call Merchant, Bribe Branch


You were on level 8 of the Dungeon.
You worshipped Gozag.
Gozag was pleased with you.
You visited 2 branches of the dungeon, and saw 9 of its levels.
You also visited: Sewer.

You collected 1023 gold pieces.
You spent 285 gold pieces at shops.
You paid 68 gold pieces to Gozag.


Innate Abilities, Weirdness & Mutations

You can breathe blasts of fire.
Your fiery red scales are hard. (AC +7)
You cannot fit into any form of body armour.
Your flesh is heat resistant. (rF+)
You are cold-blooded and may be slowed by cold attacks.


   Skills:
 + Level 2.6 Fighting
 + Level 0.5 Long Blades
 + Level 4.2 Maces & Flails
 + Level 3.0 Dodging
 + Level 3.2 Stealth
 + Level 5.7 Spellcasting
 + Level 8.0 Conjurations
 * Level 4.0 Hexes
 * Level 4.1 Translocations


You had 7 spell levels left.
You knew the following spells:

 Your Spells              Type           Power      Damage    Failure   Level
a - Magic Dart            Conj           100%       1d8       1%          1
b - Searing Ray           Conj           82%        2d7       1%          2
c - Apportation           Tloc           48%        N/A       1%          1
d - Fulminant Prism       Conj/Hex       16%        3d11      3%          4
e - Iskenderun's Mystic   Conj/Tloc      33%        2d8       3%          4

Your spell library contained the following spells:

 Spells                   Type           Power      Damage    Failure   Level
 Slow                     Hex            96%        N/A       1%          1
 Dazzling Flash           Conj/Hex       64%        N/A       1%          3
 Confusing Touch          Hex            24%        N/A       2%          3
 Sublimation of Blood     Necr           6%         N/A       6%          2
 Wereblood                Tmut           6%         N/A       6%          2
 Vampiric Draining        Necr           6%         2d6       12%         3
 Alistair's Intoxication  Tmut/Pois      4%         N/A       67%         5
 Summon Hydra             Summ           3%         N/A       100%        7

Inventory:

Hand Weapons
 a - a +0 dagger {short}
   (You took it off a goblin on level 1 of the Dungeon)
 e - a +2 falchion of holy wrath {long}
   (You found it on level 4 of the Dungeon)
 g - a +0 vorpal long sword {long}
   (You found it on level 1 of the Dungeon)
 o - a +1 spear of flaming {polearm}
   (You found it on level 2 of the Dungeon)
 u - the +5 mace "Taod" {vorpal, Will+, mace}
   (You found it on level 3 of the Dungeon)

   It inflicts extra damage upon your enemies.
   Will:      It increases your willpower.
 w - the +6 shillelagh "Devastator" (weapon) {shatter}
   (You found it on level 3 of the Dungeon)

   It releases a powerful concussive burst when it strikes, dealing extra damage
   to the target and all other foes adjacent to them.
 E - a +2 dagger of draining {short}
   (You took it off an orc wizard on level 5 of the Dungeon)
Missiles
 b - 3 silver boomerangs {throwing}
 x - 24 poisoned darts {throwing}
Armour
 j - a +0 pair of boots (worn)
   (You found it on level 2 of the Dungeon)
 v - a +1 cloak
   (You took it off Crazy Yiuf on level 3 of the Dungeon)
 F - the +0 pair of gloves of Terror {Contam rPois Str+3 Dex+3}
   (You bought it in a shop on level 5 of the Dungeon)

   Str:       It affects your strength (+3).
   Dex:       It affects your dexterity (+3).
   rPois:     It protects you from poison.
   Contam:    It causes magical contamination when unequipped.
 H - a +0 pair of gloves (worn)
   (You found it on level 5 of the Dungeon)
 Q - a scarf of resistance (worn)
   (You found it on level 6 of the Dungeon)
Jewellery
 n - a +4 ring of protection (left hand)
   (You found it on level 2 of the Dungeon)
 s - a ring of ice
   (You found it on level 3 of the Dungeon)
 B - the ring "Vyack" {rF+ rC+ rCorr Str+5 Dex-5}
   (You found it on level 3 of the Dungeon)

   [ring of protection from cold]

   Str:       It affects your strength (+5).
   Dex:       It affects your dexterity (-5).
   rF:        It protects you from fire.
   rC:        It protects you from cold.
   rCorr:     It protects you from acid and corrosion.
 M - a ring of wizardry (right hand)
   (You found it on level 6 of the Dungeon)
Wands
 L - a wand of iceblast (8)
   (You found it on level 6 of the Dungeon)
 N - a wand of digging (7)
   (You found it on level 6 of the Dungeon)
 P - a wand of acid (13)
   (You found it on level 6 of the Dungeon)
Scrolls
 f - a scroll of immolation {!r!r}
 i - a scroll of silence {!r}
 q - a scroll of teleportation {@r4}
 A - a scroll of blinking {!r}
 C - a scroll of fear
Potions
 c - 2 potions of ambrosia
 h - a potion of flight
 l - a potion of brilliance
 p - a potion of resistance
 r - 3 potions of haste {@q3}
 z - a potion of invisibility
 K - a potion of might
 O - a potion of heal wounds {unknown}

Dungeon Overview and Level Annotations

Branches:
Dungeon (8/15)             Temple (1/1) D:4           Sewer (visited)
   Lair: D:8-11

Altars:
Cheibriados
Dithmenos
Gozag
Hepliaklqana
Kikubaaqudgha
Makhleb
Okawaru
Qazlal
Sif Muna
Trog
Uskayaw
Wu Jian
Yredelemnul
Zin
The Shining One

Shops:
D:5 [

Annotations:
D:8 Joseph

. ...#...#.#)#....#
.###.#####.#<)....#
...#.#.....#..#...#
...#.#.#####...####
..<#.#.# #.#.##
...#.#.#####.#..#
.....#.......##.##
...############..#
........$o@..###@##
...######{.....#l@#
...# #......##$#
...# #......##$#
...# #......'.....#
$ .###
#$..$..#.....o.o. .
#......#.#....... .
#......#. .....oo
#......#. .......


You could see Joseph (fast) and a wyvern.


Message History

You barely miss the orc warrior.
The orc warrior barely misses you. 😮 MP[+1]
You hit the orc warrior.
The orc shudders.
You kill the orc!
You kill the orc warrior!
Your Dodging skill increases to level 3!
Your Hexes skill increases to level 4! 😮 HP[+1]
Aiming: Breathe Fire (4% risk of failure)
Press: ? - help, Shift-Dir - straight line, f - orc wizard
Aim: an orc wizard, wielding a +0 dagger and wearing a +0 robe (60% to hit)
You breathe a blast of fire.
The fiery breath hits the orc wizard!
The orc wizard is engulfed in blazing flames.
You kill the orc wizard!
You start resting.
An orc is nearby!
Aiming: Magic Dart (safe; 1% risk of failure)
Press: ? - help, Q - select action, (/) - cycle Shift-Dir - straight line, f - orc
Aim: an orc, wielding a +0 short sword (100% to hit)
The magic dart hits the orc. 😮 MP[-1]
You lost 1 mp, and now have 12/17 mp.
Aiming: Magic Dart (safe; 1% risk of failure)
Press: ? - help, Q - select action, (/) - cycle Shift-Dir - straight line, f/p - orc
Aim: an orc, wielding a +0 short sword (severely wounded, 100% to hit)
The magic dart hits the orc.
You kill the orc! 😮 MP[-1]
You lost 1 mp, and now have 11/17 mp.
You start resting.
A wyvern comes into view. 😮 HP[+4] MP[+3]
You regained 4 hp, and now have 42/68 hp.
You regained 3 mp, and now have 14/17 mp.
A wyvern is nearby!
Aiming: Magic Dart (safe; 1% risk of failure)
Press: ? - help, Q - select action, (/) - cycle Shift-Dir - straight line, f - wyvern
Aim: a wyvern (wandering, hasn't noticed you, 100% to hit)
The magic dart hits the wyvern but does no damage.
The wyvern hisses angrily.
You have got your breath back. 😮 HP[+1] MP[-1]
You lost 1 mp, and now have 13/17 mp.
Aiming: Magic Dart (safe; 1% risk of failure)
Press: ? - help, Q - select action, (/) - cycle Shift-Dir - straight line, f/p - wyvern
Aim: a wyvern (100% to hit)
The magic dart hits the wyvern.
Aiming: Magic Dart (safe; 1% risk of failure)
Press: ? - help, Q - select action, (/) - cycle Shift-Dir - straight line, f/p - wyvern
Aim: a wyvern (lightly wounded, 100% to hit)
The magic dart hits the wyvern. 😮 MP[-1]
You lost 1 mp, and now have 12/17 mp.
Casting: Magic Dart (safe; 1% risk of failure)
Confirm with . or Enter, or press ? or * to list all spells.
Aiming: Searing Ray (safe; 1% risk of failure)
Press: ? - help, Shift-Dir - straight line, f/p - wyvern
Aim: a wyvern (moderately wounded, 82% to hit)
The searing ray misses the wyvern. (Press . to maintain the ray.)
The wyvern bites you but does no damage. 😮 MP[-2]
You lost 2 mp, and now have 10/17 mp.
The wyvern bites you. 😮 HP[-6] MP[-1]
You take 6 damage, and now have 37/68 hp.
You lost 1 mp, and now have 9/17 mp.
The wyvern bites you but does no damage.
The wyvern closely misses you. 😮 HP[+1] MP[-1]
You lost 1 mp, and now have 8/17 mp.
You finish channelling your searing ray.
The wyvern barely misses you. 😮 MP[-1]
You lost 1 mp, and now have 7/17 mp.
Casting: Searing Ray (safe; 1% risk of failure)
Confirm with . or Enter, or press ? or * to list all spells.
Aiming: Searing Ray (safe; 1% risk of failure)
Press: ? - help, Shift-Dir - straight line, f - Joseph, p - wyvern
Aim: Joseph, wielding a +5 quarterstaff of draining, wearing a +0 leather armour and quivering sling bullets (82% to hit)
The searing ray hits the wyvern.
The searing ray hits Joseph! (Press . to maintain the ray.)
The wyvern bites you.
Joseph drinks a potion.
Joseph seems to speed up.
The wyvern barely misses you. 😮 HP[-2] MP[-2]
You take 2 damage, and now have 36/68 hp.
You lost 2 mp, and now have 5/17 mp.
The searing ray hits the wyvern!
The searing ray hits Joseph!
The wyvern bites you!
* * * LOW HITPOINT WARNING * * *
😨 HP[-10]
You take 10 damage, and now have 26/68 hp.
The searing ray hits Joseph.
The wyvern bites you!
* * * LOW HITPOINT WARNING * * *
Joseph hits you with a +5 quarterstaff of draining!
* * * LOW HITPOINT WARNING * * *
You feel drained.
You die...
Your body crumbles into a pile of gold.

Skill      XL: |  1  2  3  4  5  6  7  8  9 |
---------------+----------------------------+-----
Stealth        | 2 3 |  3.2
Conjurations   | 5 6 7 8 |  8.0
Spellcasting   | 3 4 5 |  5.7
Fighting       | 1 2 |  2.6
Dodging        | 2 3 |  3.0
Hexes          | 1 2 3 4 |  4.0
Translocations | 2 3 4 |  4.1
Maces & Flails | 1 3 4 |  4.2
Long Blades    | |  0.5

Action                   |  1- 3 |  4- 6 |  7- 9 || total
-------------------------+-------+-------+-------++-------
Melee: Unarmed           |     7 |       |       ||     7
       Tailslap          |     3 |       |     5 ||     8
       Long sword        |     6 |       |       ||     6
       Shillelagh        |       |    40 |    73 ||   113
       Punch             |       |       |     1 ||     1
 Cast: Magic Dart        |    46 |    70 |    87 ||   203
       Searing Ray       |    12 |    15 |    24 ||    51
 Abil: Breathe Fire      |       |       |     5 ||     5
  Use: Scroll            |       |    10 |     8 ||    18
       Potion            |       |       |     3 ||     3
 Stab: Distracted        |       |       |     1 ||     1
       Sleeping          |       |       |     1 ||     1
Armor: Skin              |     2 |    17 |    42 ||    61
Dodge: Dodged            |    11 |    20 |    46 ||    77

Levels and vault maps discovered:
D:1:      lightli_arrival_quake, layout_rooms, shapermc_ecumenical_altar_pompeii
D:2:      layout_basic, minmay_goblin_kobold_house
D:3:      minmay_general_purpose_star, layout_rooms,
          eat_drink_and_be_merry_uskayaw, uniq_crazy_yiuf_cottage, uniq_natasha,
          uniq_sigmund
D:4:      layout_basic, minmay_temple_entry_hall
D:5:      layout_rooms, serial_shops, shop, portal_sewer_entry_f, uniq_menkaure
D:6:      layout_gridville, minmay_misc_feat_hallway
D:7:      layout_basic, mainiacjoe_overflow_alcove_1, kennysheep_dice
D:8:      layout_basic, mainiacjoe_overflow_brackets, minmay_manual_moon,
          uniq_joseph, uniq_psyche
Temple:   oiseaux_autumnal_temple

Notes
Turn   | Place    | Note
-------+----------+-------------------------------------------
     0 | D:1      | mortz the Draconian Conjurer began the quest for the Orb.
     0 | D:1      | Reached XP level 1. HP: 14/14 MP: 3/3
     0 | D:1      | magus.rc [v1.9.6]
   271 | D:1      | Reached XP level 2. HP: 20/20 MP: 3/5
   274 | D:1      | Learned a level 2 spell: Searing Ray
   343 | D:1      | Found a faded altar of an unknown god.
   944 | D:2      | Reached XP level 3. HP: 26/26 MP: 0/6
  1122 | D:2      | Reached skill level 2 in Stealth
  1129 | D:2      | Reached skill level 5 in Conjurations
  1901 | D:2      | Reached XP level 4. HP: 33/33 MP: 3/7
  2379 | D:3      | Found a hide-covered altar of Uskayaw.
  2726 | D:3      | Noticed Natasha
  2732 | D:3      | Killed Natasha
  2833 | D:3      | Identified the +5 mace "Taod" {vorpal, Will+}
  2836 | D:3      | Found a runed translucent door.
  2837 | D:3      | Noticed Crazy Yiuf
  2837 | D:3      | Found the +6 shillelagh "Devastator" {shatter}
  2844 | D:3      | Killed Crazy Yiuf
  2845 | D:3      | Reached skill level 6 in Conjurations
  2845 | D:3      | Reached XP level 5. HP: 38/38 MP: 2/8
  2926 | D:3      | Noticed Natasha
  2934 | D:3      | Killed Natasha
  3098 | D:3      | Identified a +1 robe of the Archmagi
  3098 | D:3      | Noticed Sigmund
  3105 | D:3      | Killed Sigmund
  3106 | D:3      | Reached skill level 3 in Spellcasting
  3106 | D:3      | Reached XP level 6. HP: 43/46 MP: 5/11
  3196 | D:3      | Noticed Natasha
  3231 | D:3      | Killed Natasha
  3330 | D:3      | Identified the ring "Vyack" {rF+ rC+ rCorr Str+5 Dex-5}
  3504 | D:3      | You pick up a book of Debilitation and begin reading...
  3504 | D:3      | You add the spells Slow, Vampiric Draining and Confusing
                  | Touch to your library.
  3947 | D:4      | Found a staircase to the Ecumenical Temple.
  3956 | Temple   | Entered the Ecumenical Temple
  4217 | Temple   | Became a worshipper of Gozag Ym Sagoz the Greedy
  4388 | D:4      | You pick up a book of Party Tricks and begin reading...
  4388 | D:4      | You add the spells Apportation and Alistair's Intoxication
                  | to your library.
  4595 | D:4      | Reached skill level 4 in Spellcasting
  4787 | D:5      | Entered Level 5 of the Dungeon
  4799 | D:5      | Found a glowing drain.
  4833 | Sewer    | Entered a sewer
  4887 | Sewer    | Noticed Pargi
  4894 | Sewer    | Killed Pargi
  4895 | Sewer    | Reached skill level 1 in Fighting
  4895 | Sewer    | Reached skill level 2 in Dodging
  4895 | Sewer    | Reached skill level 1 in Hexes
  4895 | Sewer    | Your scales start taking on a fiery red colour.
  4895 | Sewer    | Reached XP level 7. HP: 50/52 MP: 7/13
  4895 | Sewer    | Gained mutation: Your flesh is heat resistant. (rF+) [Red
                  | Draconian growth]
  5148 | Sewer    | Reached skill level 1 in Translocations
  5202 | D:5      | Noticed Menkaure
  5209 | D:5      | Killed Menkaure
  5210 | D:5      | Reached skill level 1 in Maces & Flails
  5210 | D:5      | Reached skill level 7 in Conjurations
  5373 | D:5      | Reached skill level 2 in Translocations
  5381 | D:5      | Reached skill level 2 in Hexes
  5381 | D:5      | Reached XP level 8. HP: 56/59 MP: 2/15
  5478 | D:5      | Learned a level 1 spell: Apportation
  5480 | D:5      | Found Woshaale's Antique Armour Shoppe.
  5496 | D:5      | Bought a pair of faintly humming gloves for 285 gold pieces
  5496 | D:5      | Identified the +0 pair of gloves of Terror {Contam rPois
                  | Str+3 Dex+3} (You bought it in a shop on level 5 of the
                  | Dungeon)
  5531 | D:5      | Reached skill level 2 in Maces & Flails
  5878 | D:5      | Reached skill level 5 in Spellcasting
  6295 | D:6      | Learned a level 4 spell: Fulminant Prism
  6300 | D:6      | Learned a level 4 spell: Iskenderun's Mystic Blast
  6425 | D:6      | Reached skill level 3 in Hexes
  6425 | D:6      | Reached skill level 3 in Translocations
  6801 | D:7      | Reached skill level 2 in Fighting
  6994 | D:7      | Found a glowing golden altar of the Shining One.
  7024 | D:7      | Reached skill level 3 in Maces & Flails
  7024 | D:7      | Reached XP level 9. HP: 49/67 MP: 10/17
  7214 | D:7      | Reached skill level 3 in Stealth
  7942 | D:7      | You pick up a book of Blood and begin reading...
  7942 | D:7      | You add the spells Sublimation of Blood, Wereblood and
                  | Summon Hydra to your library.
  8120 | D:8      | Noticed Joseph
  8128 | D:8      | Reached skill level 4 in Maces & Flails
  8128 | D:8      | Reached skill level 4 in Translocations
  8206 | D:8      | Reached skill level 8 in Conjurations
  8311 | D:8      | Reached skill level 3 in Dodging
  8311 | D:8      | Reached skill level 4 in Hexes
  8343 | D:8      | HP: 13/68 [wyvern (13)]
  8343 | D:8      | HP: 4/68 [Joseph/+5 quarterstaff of draining (9)]
  8343 | D:8      | Slain by Joseph

Vanquished Creatures
  A centaur zombie (D:7)
  Sigmund (D:3)
  A wyvern (D:7)
  Menkaure (D:5)
  A water moccasin (D:7)
  Pargi (Sewer)
  An orc warrior (D:8)
  A sky beast (D:7)
  2 ice beasts
  A necrophage (D:5)
  A centaur (D:5)
  2 phantoms
  A kobold brigand (D:8)
  4 scorpions
  A bullfrog (D:6)
  A water moccasin zombie (D:5)
  A howler monkey (D:6)
  A hound (D:7)
  A jelly (D:5)
  Crazy Yiuf (D:3)
  Natasha (thrice) (D:3)
  3 iguanas
  5 orc wizards
  A killer bee zombie (D:7)
  3 gnolls (D:4)
  2 howler monkey zombies
  5 adders
  A howler monkey skeleton (D:7)
  A white imp (D:6)
  An ufetubus (D:6)
  4 worms
  A dart slug (D:2)
  28 orcs
  5 endoplasms
  6 giant cockroaches
  9 goblins
  10 hobgoblins
  A jackal (D:3)
  14 kobolds
  7 quokkas
  12 ball pythons
  4 bats
  8 frilled lizards
  9 rats
168 creatures vanquished.

Table legend:
 A = Non-vault XP
 B = Vault XP
 C = Vault XP percentage of total XP
 D = Non-vault monster count
 E = Vault monster count
 F = Vault count percentage of total count
                 A         B        C        D         E       F
            +---------+---------+-------+---------+---------+-------
      Total |    3028 |     896 |  22.8 |     140 |      28 |  16.7
            +---------+---------+-------+---------+---------+-------
        D:1 |      31 |       0 |   0.0 |      20 |       0 |   0.0
        D:2 |      70 |       4 |   5.4 |      17 |       2 |  10.5
        D:3 |     111 |     324 |  74.5 |      18 |       6 |  25.0
        D:4 |     135 |       0 |   0.0 |      27 |       0 |   0.0
        D:5 |     741 |     185 |  20.0 |      24 |       6 |  20.0
        D:6 |     521 |       0 |   0.0 |      12 |       0 |   0.0
        D:7 |    1092 |     237 |  17.8 |      10 |       4 |  28.6
        D:8 |     327 |       0 |   0.0 |      12 |       0 |   0.0
      Sewer |       0 |     146 | 100.0 |       0 |      10 | 100.0
            +---------+---------+-------+---------+---------+-------

Illustrated notes

Table legend:
 A = Kills in this place as a percentage of kills in entire the game.
 B = Kills by you in this place as a percentage of kills by you in the entire game.
 C = Kills by friends in this place as a percentage of kills by friends in the entire game.
 D = Other kills in this place as a percentage of other kills in the entire game.
 E = Experience gained in this place as a percentage of experience gained in the entire game.
 F = Experience gained in this place divided by the number of levels of this place that you have seen.
                   A       B       C       D       E      F
               +-------+-------+-------+-------+-------+----------------------
         Total | 100.0 | 100.0 |   N/A |   N/A | 100.0 | 392.4
       Dungeon |  94.0 |  94.0 |   N/A |   N/A |  96.3 | 472.2
         Sewer |   6.0 |   6.0 |   N/A |   N/A |   3.7 | 146.0
               +-------+-------+-------+-------+-------+----------------------

Table legend: (Time is in decaauts)
 A = Elapsed time spent in this place.
 B = Non-inter-level travel time spent in this place.
 C = Inter-level travel time spent in this place.
 D = Time resting spent in this place.
 E = Time spent auto-exploring this place.
 F = Levels seen in this place.
 G = Mean time per level.
                   A        B        C        D        E       F      G
               +--------+--------+--------+--------+--------+-----+--------+
         Total |   8423 |   8159 |    264 |    574 |   6376 |  10 |  842.3 |
       Dungeon |   7749 |   7526 |    223 |    474 |   5915 |   8 |  968.6 |
        Temple |    302 |    262 |     40 |      0 |    248 |   1 |  302.0 |
         Sewer |    370 |    370 |      0 |    100 |    212 |   1 |  370.0 |
               +--------+--------+--------+--------+--------+-----+--------+

Top non-repeatable levels by time:
     D:7: 1360 daAuts
     D:2: 1278 daAuts
     D:3: 1277 daAuts
     D:1: 1091 daAuts
     D:4: 870 daAuts
     D:5: 869 daAuts
     D:6: 806 daAuts
   Sewer: 370 daAuts
  Temple: 302 daAuts
     D:8: 196 daAuts
